 Dungeon Crawl Stone Soup version 0.21-a0-633-g4c047d5 (webtiles) character file.

157467 Monsterracer the Destroyer (level 16, -2/139 HPs)
             Began as a Purple Draconian Wizard on Dec 27, 2017.
             Was the Champion of Ashenzari.
             Slain by a salamander
             ... wielding a +0 halberd
              (5 damage)
             ... on level 2 of the Snake Pit on Dec 28, 2017.
             The game lasted 02:22:18 (52192 turns).

Monsterracer the Destroyer (DrWz)                  Turns: 52192, Time: 02:22:18

Health: -2/139     AC: 23    Str:  9    XL:     16   Next: 85%
Magic:  1/33       EV: 18    Int: 25    God:    Ashenzari [******]
Gold:   2463       SH:  0    Dex: 11    Spells: 3/41 levels left

rFire    + + .     SeeInvis +   a - +7 great mace "Firestarter" {inner flame, rF++} (curse)
rCold    . . .     Gourm    .   (shield currently unavailable)
rNeg     + . .     Faith    .   (armour unavailable)
rPois    +         Spirit   .   o - +2 hat (curse)
rElec    .         Reflect  .   S - +2 cloak {MR+} (curse)
rCorr    .         Harm     .   n - +2 pair of gloves (curse)
MR       +++..     Clarity  +   T - +1 pair of boots (curse)
Stlth    ++++......             (no amulet)
HPRegen  1.33/turn              J - ring of Xom's Absentmindedness {+Blink rN+ AC+4} (curse)
MPRegen  0.23/turn              R - ring of poison resistance (curse) {!d}

@: short of breath, regenerating
A: breathe power, unfitting armour, cold-blooded, AC +9
}: 1/15 runes: decaying
a: Breathe Dispelling Energy, Curse Item, Scrying, Transfer Knowledge, Renounce
Religion, Evoke Blink


You were on level 2 of the Snake Pit.
You worshipped Ashenzari.
Ashenzari was exalted by your worship.
You were not hungry.

You visited 5 branches of the dungeon, and saw 30 of its levels.
You also visited: Ossuary.

You collected 3200 gold pieces.
You spent 737 gold pieces at shops.

Inventory:

Hand Weapons
 a - the cursed +7 great mace "Firestarter" (weapon) {inner flame, rF++}
   (You found it on level 2 of the Lair of Beasts)

   It has been specially enchanted to burn those struck by it, causing extra
   injury to most foes and up to half again as much damage against particularly
   susceptible opponents.
   It greatly protects you from fire.
   It has a curse placed upon it.
Missiles
 q - a throwing net (quivered)
Armour
 n - a cursed +2 pair of gloves (worn)
 o - a cursed +2 hat (worn)
 S - a cursed +2 cloak of magic resistance (worn)
 T - a cursed +1 pair of boots (worn)
Jewellery
 s - a +4 ring of protection
 x - an uncursed ring of protection from fire {!d}
 E - an uncursed ring of ice
 I - an uncursed ring of protection from cold {!d}
 J - the cursed ring of Xom's Absentmindedness (left hand) {+Blink rN+ AC+4}
   (You found it on level 4 of the Lair of Beasts)

   [ring of protection]

   It affects your AC (+4).
   It protects you from negative energy.
   It lets you blink.
   It has a curse placed upon it.
 N - an uncursed ring of fire
 R - a cursed ring of poison resistance (right hand) {!d}
Wands
 e - a wand of scattershot (2)
 p - a wand of flame (16)
 t - a wand of paralysis (32)
 D - a wand of clouds (6)
 G - a wand of acid (6)
 M - a wand of enslavement (25)
 P - a wand of disintegration (20)
Scrolls
 d - 4 scrolls of remove curse
 i - 9 scrolls of teleportation
 j - 9 scrolls of magic mapping {!r}
 m - 8 scrolls of fog
 u - 8 scrolls of identify
 y - 6 scrolls of amnesia
 F - 5 scrolls of enchant weapon
 K - 6 scrolls of blinking
Potions
 b - a potion of resistance
 f - 9 potions of might
 g - a potion of cancellation
 h - 4 potions of mutation {!q}
 k - a potion of ambrosia {!q}
 l - 6 potions of curing
 v - 2 potions of brilliance
 w - a potion of invisibility
 z - a potion of heal wounds
 A - 4 potions of agility
 B - 4 potions of flight
 C - 2 potions of haste
 O - a potion of berserk rage {!q}
 Q - 2 potions of magic
Books
 r - a book of Necromancy

   Spells                             Type                      Level
   a - Pain                           Necromancy                   1
   b - Animate Skeleton               Necromancy                   1
   c - Vampiric Draining              Necromancy                   3
   d - Regeneration                   Charms/Necromancy            3
   e - Animate Dead                   Necromancy                   4
   f - Borgnjor's Vile Clutch         Necromancy/Earth             5
 H - a book of Air

   Spells                             Type                      Level
   a - Shock                          Conjuration/Air              1
   b - Swiftness                      Charms/Air                   2
   c - Static Discharge               Conjuration/Air              3
   d - Airstrike                      Air                          4
   e - Lightning Bolt                 Conjuration/Air              5
 L - a book of the Earth

   Spells                             Type                      Level
   a - Leda's Liquefaction            Hexes/Earth                  4
   b - Bolt of Magma                  Conjuration/Fire/Earth       5
   c - Statue Form                    Transmutation/Earth          6
   d - Iron Shot                      Conjuration/Earth            6
   e - Shatter                        Earth                        9
Comestibles
 c - 36 rations


   Skills:
 + Level 12.2 Fighting
 * Level 12.4(17.8) Maces & Flails
 - Level 7.9(12.3) Dodging
 - Level 4.0(8.2) Stealth
 + Level 13.0 Spellcasting
 + Level 14.9(17.4) Conjurations
 - Level 6.9(10.0) Charms
   Level 2.0(4.2) Summonings
 - Level 3.0(5.6) Necromancy
 - Level 2.0(4.3) Translocations
 - Level 2.0(4.2) Fire Magic
 + Level 9.5(12.4) Ice Magic
 - Level 6.9(10.0) Air Magic
 - Level 6.9(10.0) Earth Magic
 - Level 3.0(5.6) Evocations


You had 3 spell levels left.
You knew the following spells:

 Your Spells              Type           Power        Failure   Level  Hunger
a - Magic Dart            Conj           ####         0%          1    None
b - Conjure Flame         Conj/Fire      ######..     1%          3    None
c - Regeneration          Chrm/Necr      ######....   1%          3    None
d - Throw Icicle          Conj/Ice       ######..     1%          4    None
e - Blink                 Tloc           N/A          1%          2    None
f - Freezing Cloud        Conj/Ice/Air   ######....   2%          6    #####..
g - Swiftness             Chrm/Air       ######..     1%          2    None
h - Iskenderun's Battles  Conj/Chrm      ######..     1%          5    ###....
i - Iron Shot             Conj/Erth      ######....   1%          6    #####..
y - Deflect Missiles      Chrm/Air       ######....   9%          6    #####..


Dungeon Overview and Level Annotations

Branches:
Dungeon (15/15)            Temple (0/1) D:5            Lair (6/6) D:10
  Swamp (4/4) Lair:3        Snake (3/4) Lair:2        Slime (0/5) Lair:5
    Orc (2/2) D:10            Elf (0/3) Orc:2        Vaults (0/5) D:13
 Depths (0/5) D:15

Altars:
Ashenzari
Dithmenos
Fedhas
Gozag
Hepliaklqana
Nemelex Xobeh
Okawaru
Qazlal
Ru
Trog
Vehumet
Wu Jian
Xom
Beogh
Jiyva

Shops:
D:12 [   Orc:2 =(*[

Portals:
Trove: D:11 (give +7 demon blade)

Annotations:
D:4 Pikel
D:7 4 runed doors


Innate Abilities, Weirdness & Mutations

You can breathe bolts of dispelling energy.
Your rich purple scales are hard. (AC +9)
You cannot fit into any form of body armour.
You are cold-blooded and may be slowed by cold attacks.


Message History

The naga warrior shouts!
The naga shouts!
The naga warrior spits poison at you. The splash of poison misses you.
A salamander comes into view. It is wielding a halberd.
There is a stone staircase leading up here.
You climb upwards.
A black mamba comes into view.
The salamander closely misses you.
There is a stone staircase leading down, spattered with blood here.
Casting: Throw Icicle
Confirm with . or Enter, or press ? or * to list all spells.
Okay, then.
Casting: Throw Icicle
Confirm with . or Enter, or press ? or * to list all spells.
Aiming: Throw Icicle
Press: ? - help, Shift-Dir - straight line, f - salamander
Aim: a salamander, wielding a halberd The shard of ice hits the salamander.
The salamander is frozen!
The salamander is severely wounded.
The shock serpent hisses angrily.
The salamander closely misses you.
You now have 2/33 mp.
Evoke which item? (* to show all) (? for menu, Esc to quit)
Okay, then.
The black mamba hisses angrily.
The shock serpent shoots out a bolt of lightning at you!
The bolt of electricity hits you!
You take 15 damage, and have 91/139 hp.
The salamander barely misses you.
You completely miss the shock serpent.
You tail-slap the shock serpent, but do no damage.
The shock serpent is lightly wounded.
The shock serpent completely misses you.
You sock the shock serpent! You burn the shock serpent.
The shock serpent is filled with an inner flame.
The shock serpent is heavily wounded.
The shock serpent's electric aura discharges, shocking you!
The salamander hits you but does no damage.
The shock serpent shoots out a bolt of lightning at you!
The bolt of electricity hits you!
* * * LOW HITPOINT WARNING * * *
You take 30 damage, and have 61/139 hp.
MASSIVE DAMAGE!!
Casting: Throw Icicle
Confirm with . or Enter, or press ? or * to list all spells.
Okay, then.
Evoke which item? (* to show all) (? for menu, Esc to quit)
Okay, then.
Press: ? - help, Shift-Dir - straight line, f/p - salamander
Aim: a salamander, wielding a halberd (severely wounded)
You breathe a bolt of dispelling energy.
The bolt of dispelling energy hits the shock serpent.
The shock serpent is severely wounded.
The shock serpent's magical effects unravel!
The bolt of dispelling energy hits the salamander.
The salamander is almost dead.
You feel somewhat more hungry.
The shock serpent's electric aura discharges, shocking you!
* * * LOW HITPOINT WARNING * * *
The shock serpent bites you but does no damage.
The salamander misses you. The shock serpent barely misses you.
You take 12 damage, and have 49/139 hp.
Casting: Throw Icicle
Confirm with . or Enter, or press ? or * to list all spells.
Okay, then.
Evoke which item? (* to show all) (? for menu, Esc to quit)
Aiming: Cloud Cone
Press: ? - help, Dir - move target cursor, f/p - salamander
Aim: a salamander, wielding a halberd (almost dead)
You create a blast of flame!
The black mamba is engulfed in blazing flames.
The shock serpent is engulfed in blazing flames.
The shock serpent shoots out a bolt of lightning at you!
The bolt of electricity misses you.
The shock serpent's electric aura discharges, shocking you!
* * * LOW HITPOINT WARNING * * *
The black mamba is engulfed in blazing flames.
The salamander misses you.
You take 8 damage, and have 41/139 hp.
You bludgeon the shock serpent!! You burn the shock serpent.
You kill the shock serpent!
The air sparks with electricity, shocking you!
* * * LOW HITPOINT WARNING * * *
The black mamba is engulfed in blazing flames.
The salamander completely misses you.
The black mamba is engulfed in blazing flames.
The black mamba bites you!
* * * LOW HITPOINT WARNING * * *
You take 24 damage, and have 17/139 hp.
Casting: Throw Icicle
Confirm with . or Enter, or press ? or * to list all spells.
Your skin crawls.
The black mamba is engulfed in blazing flames.
The black mamba misses you.
You now have 1/33 mp.
You thump the black mamba! You burn the black mamba.
You kill the black mamba!
The salamander hits you from afar with a halberd!
* * * LOW HITPOINT WARNING * * *
You are engulfed in flames.
You resist.
You die...

#!.....# ,
** *
####......#
,, , *
#...##.)..#
,,* *
#...##%.###
,* ,
#§§§§§..#
*** * *
###[§§§...#
#...§N§..##
#....§####
#....@.#
###..÷...#
#........#
#####.%.##
#...# #####


You could see a salamander.

Vanquished Creatures
  Rupert (Orc:2)
  Frances (Swamp:1)
  A thorn hunter (Swamp:3)
  Agnes (D:14)
  Kirke (D:15)
  Donald (Snake:2)
  Aizul (Snake:2)
  An orc warlord (Orc:1)
  A stone giant (Orc:2)
  3 fire dragons
  The ghost of Syneil the Spry, a journeyman SpAs of Wu Jian (Lair:6)
  Josephine (D:13)
  Erolcha (D:12)
  22 hydras
  3 ice dragons
  2 naga warriors (Snake:1)
  2 centaur warriors
  2 two-headed ogres
  4 anacondas (Snake:2)
  5 alligators
  An orc high priest (Orc:2)
  2 shock serpents
  Sonja (D:13)
  A spriggan druid (Swamp:3)
  A salamander mystic (Snake:2)
  8 swamp dragons
  4 unseen horrors
  A naga ritualist (Snake:2)
  6 orc knights
  3 lindwurms (Swamp:3)
  5 shambling mangroves
  2 wizards (D:15)
  A necromancer (D:13)
  3 mana vipers (Snake:2)
  2 deep elf magi (D:13)
  4 orc sorcerers
  9 ugly things
  4 salamanders
  2 cyclopes
  2 manticores
  5 elephants
  15 black mambas
  6 naga magi
  2 torpor snails (Lair:6)
  A gargoyle (D:13)
  13 spiny frogs
  The ghost of p0werm0de the Insei, a novice OpGl (D:6)
  2 komodo dragons
  A redback zombie (D:15)
  5 yaktaurs (D:15)
  A harpy zombie (D:15)
  3 meliai (D:14)
  5 tyrant leeches
  8 trolls
  A queen bee (D:9)
  18 hornets
  12 polar bears
  8 bog bodies
  11 slime creatures
  8 blink frogs
  A meliai zombie (D:14)
  7 hippogriffs
  4 dream sheep (Lair:6)
  5 shadows
  11 spriggans
  A tarantella (shapeshifter) (D:14)
  2 vampires
  6 wraiths
  58 yaks
  3 wyverns
  3 hogs
  3 basilisks
  The ghost of Doomer the Poker, an amateur MfGl of Yredelemnul (D:3)
  2 steam dragons
  7 vampire mosquitoes
  A warg (Orc:2)
  4 insubstantial wisps (Swamp:1)
  12 nagas
  18 swamp worms
  An acid dragon (D:12)
  2 hydra simulacra (Swamp:3)
  34 water moccasins
  9 porcupines
  22 orc warriors
  4 sky beasts
  3 slaves (D:4)
  9 black bears
  2 ice beasts
  16 swamp drakes
  2 eyes of draining
  5 phantoms
  4 boggarts (Lair:6)
  10 centaurs
  17 ogres
  22 wolves (Lair:6)
  10 crocodiles
  2 big kobolds
  An elf zombie (Ossuary)
  9 bullfrogs
  A gnoll sergeant (D:7)
  A wyvern skeleton (D:7)
  3 scorpions
  34 killer bees
  6 electric eels
  3 wights (D:11)
  4 howler monkeys
  2 bullfrog zombies
  5 crimson imps
  7 centaur zombies
  10 hounds
  A human zombie (Ossuary)
  3 jellies
  14 orc priests
  2 centaur skeletons (D:7)
  21 orc wizards
  4 bullfrog skeletons
  7 iguanas
  11 worker ants
  A big kobold zombie (Ossuary)
  A hound zombie (D:9)
  2 hound skeletons
  2 mummies (Ossuary)
  A worker ant zombie (D:8)
  10 gnolls
  25 adders
  2 shadow imps
  2 oozes
  2 adder skeletons
  2 adder zombies
  3 worms
  5 dart slugs
  9 leopard geckos
  56 orcs
  8 bats
  6 giant cockroaches
  15 goblins
  10 hobgoblins
  15 jackals
  13 kobolds
  5 quokkas
  4 ball pythons
  2 frilled lizards
  A goblin zombie (D:7)
  10 hobgoblin zombies (Ossuary)
  2 jackal zombies (Ossuary)
  11 kobold zombies (Ossuary)
  A leopard gecko skeleton (D:4)
  6 orc zombies (Ossuary)
  3 quokka skeletons
  A quokka zombie (D:5)
  6 rats
  A rat zombie (D:7)
  2 butterflies
  8 plants (Lair:6)
968 creatures vanquished.

Vanquished Creatures (others)
  3 bushes (Lair:6)
  14 fungi
  50 plants (Lair:6)
67 creatures vanquished.

Grand Total: 1035 creatures vanquished

Notes
Turn   | Place    | Note
-------+----------+-------------------------------------------
     0 | D:1      | Monsterracer the Draconian Wizard began the quest for the Orb.
     0 | D:1      | Reached XP level 1. HP: 14/14 MP: 4/4
   542 | D:1      | Reached skill level 2 in Conjurations
   542 | D:1      | Reached XP level 2. HP: 20/20 MP: 1/6
  1100 | D:1      | Learned a level 2 spell: Blink
  1590 | D:2      | Reached skill level 3 in Conjurations
  1590 | D:2      | Reached XP level 3. HP: 18/26 MP: 0/7
  1595 | D:2      | Learned a level 3 spell: Conjure Flame
  2087 | D:2      | Found a faded altar of an unknown god.
  2089 | D:2      | Became a worshipper of Ru the Awakened
  2201 | D:2      | Fell from the grace of Ru
  2203 | D:2      | Became a worshipper of Ru the Awakened
  2245 | D:2      | Found a shattered altar of Ashenzari.
  2260 | D:2      | Fell from the grace of Ru
  2260 | D:2      | Became a worshipper of Ashenzari the Shackled
  2427 | D:2      | Reached XP level 4. HP: 33/33 MP: 3/8
  2861 | D:3      | Noticed a sky beast
  2861 | D:3      | Noticed Doomer's ghost (amateur MfGl)
  3113 | D:3      | Reached skill level 4 in Conjurations
  3434 | D:2      | Learned a level 3 spell: Mephitic Cloud
  3735 | D:3      | HP: 16/33 [gnoll/whip (10)]
  3741 | D:2      | HP: 14/33 [quokka (3)]
  4058 | D:2      | HP: 15/33 [gnoll/spear (3)]
  4560 | D:3      | Killed Doomer's ghost
  4560 | D:3      | Reached skill level 5 in Conjurations
  4560 | D:3      | Reached XP level 5. HP: 20/38 MP: 2/9
  4757 | D:3      | Reached skill level 6 in Conjurations
  4781 | D:3      | Reached XP level 6. HP: 26/45 MP: 3/10
  5058 | D:3      | HP: 19/45 [worm (7)]
  5482 | D:3      | Found a sparkling altar of Nemelex Xobeh.
  5651 | D:4      | Noticed a slave
  5651 | D:4      | Noticed a slave
  5651 | D:4      | Noticed a slave
  5652 | D:4      | Noticed a slave
  5663 | D:4      | Noticed Pikel
  5717 | D:3      | HP: 22/45 [jackal (2)]
  5931 | D:4      | Found a blossoming altar of Fedhas.
  6169 | D:4      | Killed a slave
  6208 | D:4      | Killed a slave
  6212 | D:4      | Your scales start taking on a rich purple colour.
  6212 | D:4      | Reached XP level 7. HP: 32/50 MP: 9/13
  6340 | D:4      | Reached skill level 7 in Conjurations
  6509 | D:4      | Learned a level 4 spell: Summon Ice Beast
  7079 | D:4      | Reached skill level 5 in Spellcasting
  7079 | D:4      | Reached skill level 1 in Ice Magic
  7134 | D:4      | Found a bloodstained altar of Trog.
  7390 | D:5      | Entered Level 5 of the Dungeon
  7446 | D:5      | Reached skill level 1 in Fighting
  7764 | D:5      | Learned a level 3 spell: Regeneration
  7841 | D:5      | Reached skill level 8 in Conjurations
  7841 | D:5      | Reached XP level 8. HP: 59/59 MP: 0/16
  8055 | D:5      | Reached * piety under Ashenzari
  8087 | D:5      | Reached skill level 1 in Necromancy
  8216 | D:5      | Found a staircase to the Ecumenical Temple.
  9212 | D:6      | Found a stormy altar of Qazlal.
  9455 | D:6      | HP: 24/62 [ogre/giant spiked club (16)]
  9908 | D:6      | Noticed p0werm0de's ghost (novice OpGl)
  9947 | D:6      | Killed p0werm0de's ghost
  9947 | D:6      | Reached skill level 9 in Conjurations
 10029 | D:6      | Reached XP level 9. HP: 61/71 MP: 6/18
 10695 | D:7      | Found a sand-covered staircase.
 10711 | Ossuary  | Entered an ossuary
 10744 | Ossuary  | Learned a level 4 spell: Throw Icicle
 11411 | D:7      | Found a huge runed gate.
 11412 | D:7      | Found a huge runed gate.
 11413 | D:7      | Found a huge runed gate.
 11413 | D:7      | Noticed a polar bear
 11414 | D:7      | Found a huge runed gate.
 11414 | D:7      | Noticed a polar bear
 11414 | D:7      | Noticed a polar bear
 11415 | D:7      | Noticed a polar bear
 11415 | D:7      | Noticed a polar bear
 11422 | D:7      | Noticed a polar bear
 11423 | D:7      | Noticed a polar bear
 11503 | D:7      | Reached skill level 10 in Conjurations
 11697 | D:7      | Reached skill level 5 in Fighting
 11707 | D:7      | Reached skill level 1 in Charms
 12049 | D:7      | HP: 35/74 [hippogriff (4)]
 12418 | D:7      | Found an iron altar of Okawaru.
 13062 | D:8      | Reached XP level 10. HP: 78/81 MP: 21/21
 13290 | D:8      | HP: 39/81 [leopard gecko (3)]
 13299 | D:8      | HP: 37/81 [crimson imp (1)]
 13752 | D:8      | Reached skill level 5 in Ice Magic
 14146 | D:8      | Reached ** piety under Ashenzari
 14611 | D:9      | Found a shimmering altar of Xom.
 14611 | D:9      | Found a hazy altar of Hepliaklqana.
 14612 | D:9      | Found an ornate altar of the Wu Jian Council.
 14985 | D:9      | Found an opulent altar of Gozag.
 15239 | D:9      | HP: 40/83 [cloud of noxious fumes (2)]
 15245 | D:9      | HP: 36/83 [poisoned by a killer bee]
 15250 | D:9      | HP: 34/83 [poisoned by a killer bee]
 15255 | D:9      | HP: 33/83 [poisoned by a killer bee]
 15262 | D:9      | HP: 25/83 [poisoned by a killer bee]
 15270 | D:9      | HP: 25/83 [poisoned by a killer bee]
 15309 | D:9      | HP: 30/83 [killer bee (4)]
 15314 | D:9      | HP: 28/83 [poisoned by a killer bee]
 15320 | D:9      | HP: 27/83 [poisoned by a killer bee]
 15327 | D:9      | HP: 27/83 [poisoned by a killer bee]
 15696 | D:9      | Noticed a two-headed ogre
 15706 | D:9      | Killed a two-headed ogre
 15706 | D:9      | Reached skill level 1 in Fire Magic
 15724 | D:9      | Found an opulent altar of Gozag.
 16319 | D:10     | Entered Level 10 of the Dungeon
 16485 | D:10     | Found a staircase to the Orcish Mines.
 16938 | D:10     | Reached XP level 11. HP: 91/91 MP: 16/23
 16970 | D:9      | Reached skill level 1 in Air Magic
 16970 | D:9      | Reached skill level 1 in Evocations
 17296 | D:10     | Found a staircase to the Lair.
 17400 | D:10     | Upgraded the game from 0.21-a0-630-g344d351 to 0.21-a0-632-g1e37ce5
 17440 | Lair:1   | Entered Level 1 of the Lair of Beasts
 17973 | Lair:1   | Reached *** piety under Ashenzari
 18185 | Lair:1   | Reached skill level 11 in Conjurations
 18382 | Lair:1   | Learned a level 5 spell: Iskenderun's Battlesphere
 19408 | Lair:1   | HP: 39/92 [polar bear (19)]
 19816 | Lair:2   | Reached skill level 5 in Dodging
 20191 | Lair:2   | Noticed a four-headed hydra
 20198 | Lair:2   | Killed a four-headed hydra
 20380 | Lair:2   | HP: 45/92 [poisoned by a water moccasin]
 20385 | Lair:2   | HP: 38/92 [poisoned by a water moccasin]
 20390 | Lair:2   | HP: 34/92 [poisoned by a water moccasin]
 20395 | Lair:2   | HP: 32/92 [poisoned by a water moccasin]
 20400 | Lair:2   | HP: 30/92 [poisoned by a water moccasin]
 20405 | Lair:2   | HP: 29/92 [poisoned by a water moccasin]
 20412 | Lair:2   | HP: 29/92 [poisoned by a water moccasin]
 20420 | Lair:2   | HP: 29/92 [poisoned by a water moccasin]
 20710 | Lair:2   | Found a staircase to the Snake Pit.
 20855 | Lair:2   | Found the +7 great mace "Firestarter" {inner flame, rF++}
 21033 | Lair:2   | Reached skill level 1 in Maces & Flails
 21048 | Lair:2   | HP: 46/93 [water moccasin (5)]
 21053 | Lair:2   | HP: 43/93 [poisoned by a water moccasin]
 21058 | Lair:2   | HP: 44/93 [poisoned by a water moccasin]
 21077 | Lair:2   | HP: 44/93 [water moccasin (5)]
 21082 | Lair:2   | HP: 38/93 [poisoned by a water moccasin]
 21088 | Lair:1   | HP: 35/93 [poisoned by a water moccasin]
 21093 | Lair:1   | HP: 33/93 [poisoned by a water moccasin]
 21098 | Lair:1   | HP: 26/93 [poisoned by a water moccasin]
 21101 | Lair:1   | Reached XP level 12. HP: 16/101 MP: 1/25
 21103 | Lair:1   | HP: 14/101 [poisoned by a water moccasin]
 21109 | Lair:1   | HP: 12/101 [poisoned by a water moccasin]
 21115 | Lair:1   | HP: 12/101 [poisoned by a water moccasin]
 21123 | Lair:1   | HP: 12/101 [poisoned by a water moccasin]
 21470 | Lair:2   | HP: 45/101 [water moccasin (7)]
 21475 | Lair:2   | HP: 38/101 [poisoned by a water moccasin]
 21480 | Lair:2   | HP: 25/101 [poisoned by a water moccasin]
 21485 | Lair:2   | HP: 22/101 [poisoned by a water moccasin]
 21490 | Lair:2   | HP: 20/101 [poisoned by a water moccasin]
 21495 | Lair:2   | HP: 21/101 [poisoned by a water moccasin]
 21500 | Lair:2   | HP: 21/101 [poisoned by a water moccasin]
 21505 | Lair:2   | HP: 19/101 [poisoned by a water moccasin]
 21510 | Lair:2   | HP: 18/101 [poisoned by a water moccasin]
 21517 | Lair:2   | HP: 18/101 [poisoned by a water moccasin]
 21525 | Lair:2   | HP: 18/101 [poisoned by a water moccasin]
 22134 | Lair:3   | Reached **** piety under Ashenzari
 22303 | Lair:3   | Found a staircase to the Swamp.
 22420 | Lair:3   | Noticed a four-headed hydra
 22425 | Lair:3   | Killed a four-headed hydra
 23506 | Lair:4   | Noticed a five-headed hydra
 23511 | Lair:4   | Killed a five-headed hydra
 23670 | Lair:4   | Reached ***** piety under Ashenzari
 24206 | Lair:4   | Reached skill level 10 in Spellcasting
 24314 | Lair:4   | Reached skill level 5 in Charms
 24602 | Lair:4   | Identified the ring of Xom's Absentmindedness {+Blink rN+ AC+4}
 24700 | Lair:4   | Found a radiant altar of Vehumet.
 25700 | Lair:5   | Reached skill level 5 in Maces & Flails
 25960 | Lair:5   | Found a staircase to the Slime Pits.
 25960 | Lair:5   | Found a viscous altar of Jiyva.
 26241 | Lair:6   | Entered Level 6 of the Lair of Beasts
 26390 | Lair:6   | HP: 44/103 [spriggan rider/spear (13)]
 26648 | Lair:6   | Learned a level 6 spell: Iron Shot
 26737 | Lair:6   | Reached XP level 13. HP: 108/110 MP: 0/27
 26976 | Lair:6   | Reached skill level 1 in Earth Magic
 27053 | Lair:6   | Reached skill level 12 in Conjurations
 27721 | Lair:6   | Paralysed by a hornet for 1 turns
 27960 | Lair:6   | HP: 55/111 [yak/exploding inner flame[the player character] (14)]
 27965 | Lair:6   | HP: 43/111 [hippogriff/exploding inner flame[the player character] (14)]
 27999 | Lair:6   | Noticed Syneil's ghost (journeyman SpAs)
 28090 | Lair:5   | Learned a level 6 spell: Deflect Missiles
 28129 | Lair:6   | Killed Syneil's ghost
 30143 | D:11     | HP: 55/112 [yak (5)]
 30409 | D:11     | Found a portal to a secret trove of treasure.
 31616 | D:12     | Found Uloadghy's Antique Armour Shoppe.
 31618 | D:12     | Reached XP level 14. HP: 76/119 MP: 27/29
 31777 | D:12     | Bought a glowing cloak for 232 gold pieces
 32311 | D:12     | Noticed Erolcha
 32318 | D:12     | Killed Erolcha
 32996 | Orc:1    | Entered Level 1 of the Orcish Mines
 33134 | Orc:1    | Reached skill level 5 in Earth Magic
 33393 | Orc:1    | Reached ****** piety under Ashenzari
 33637 | Orc:2    | Entered Level 2 of the Orcish Mines
 33637 | Orc:2    | Found a staircase to the Elven Halls.
 33637 | Orc:2    | Noticed Rupert
 33646 | Orc:2    | Killed Rupert
 33646 | Orc:2    | Reached skill level 10 in Fighting
 34052 | Orc:2    | Noticed an orc warlord
 34325 | Orc:1    | Killed an orc warlord
 34596 | Orc:2    | Noticed a stone giant
 34601 | Orc:2    | Killed a stone giant
 35485 | Orc:2    | Found a roughly hewn altar of Beogh.
 35498 | Orc:2    | Found Doivayf's Antique Armour Shoppe.
 35512 | Orc:2    | Reached skill level 13 in Conjurations
 35829 | Orc:2    | Found Naisime's General Store.
 36380 | Orc:2    | Found Wimovai's Antique Weapon Shoppe.
 36395 | Orc:2    | Found Tunujima's Jewellery Shoppe.
 36402 | Orc:2    | Bought an uncursed ring of poison resistance for 280 gold pieces
 36434 | Orc:2    | Bought a runed cloak for 225 gold pieces
 36944 | D:13     | HP: 51/122 [ice devil[a deep elf mage] (18)]
 36948 | D:13     | HP: 19/122 [sixfirhy[a deep elf mage] (11)]
 37150 | D:13     | Found a gate to the Vaults.
 37210 | D:13     | Noticed Josephine
 37218 | D:13     | Killed Josephine
 37221 | D:13     | Noticed Sonja
 37233 | D:13     | Killed Sonja
 37234 | D:13     | HP: 60/122 [poisoned by Sonja (curare-tipped needle)]
 37239 | D:13     | HP: 49/122 [poisoned by Sonja (curare-tipped needle)]
 37246 | D:13     | HP: 58/122 [poisoned by Sonja (curare-tipped needle)]
 37420 | D:13     | Found a shadowy altar of Dithmenos.
 38222 | D:14     | Noticed Agnes
 38465 | D:14     | HP: 56/122 [centaur/arrow[a centaur warrior] (8)]
 38483 | D:14     | HP: 55/122 [centaur/arrow[a centaur warrior] (6)]
 38559 | D:14     | HP: 52/122 [meliai/divine providence (11)]
 39047 | D:14     | Learned a level 6 spell: Freezing Cloud
 39183 | D:14     | Killed Agnes
 39183 | D:14     | Reached skill level 5 in Air Magic
 39343 | D:15     | Entered Level 15 of the Dungeon
 39374 | D:15     | HP: 61/122 [six-headed hydra (6)]
 39375 | D:15     | Reached XP level 15. HP: 51/128 MP: 10/30
 39748 | D:15     | Reached skill level 10 in Maces & Flails
 39848 | D:15     | Noticed Kirke
 40043 | D:15     | Killed Kirke
 40422 | D:15     | Found a staircase to the Depths.
 41112 | Swamp:1  | Entered Level 1 of the Swamp
 41162 | Lair:3   | Learned a level 2 spell: Swiftness
 41286 | Swamp:1  | HP: 63/129 [swamp worm (13)]
 41714 | Swamp:1  | HP: 62/129 [alligator/exploding inner flame[the player character] (10)]
 42007 | Swamp:1  | Noticed Frances
 42022 | Swamp:1  | Killed Frances
 43469 | Swamp:2  | Reached skill level 14 in Conjurations
 43474 | Swamp:2  | HP: 61/130 [large slime creature (34)]
 44740 | Swamp:3  | HP: 65/130 [spriggan druid/exploding inner flame[the player character] (11)]
 44745 | Swamp:3  | Noticed a thorn hunter
 44746 | Swamp:3  | HP: 61/130 [swamp worm[a spriggan druid] (13)]
 44751 | Swamp:3  | HP: 21/130 [thorn hunter/volley of thorns (36)]
 44753 | Swamp:3  | HP: 2/130 [ice dragon/blast of cold (17)]
 45691 | Swamp:3  | Killed a thorn hunter
 45691 | Swamp:3  | Reached XP level 16. HP: 138/138 MP: 4/32
 46229 | Swamp:4  | Entered Level 4 of the Swamp
 47204 | Swamp:3  | HP: 69/138 [six-headed hydra (6)]
 47710 | Swamp:3  | HP: 66/139 [seven-headed hydra (7)]
 47714 | Swamp:3  | HP: 20/139 [seven-headed hydra (14)]
 47902 | Swamp:3  | HP: 69/139 [hornet[a shambling mangrove] (5)]
 47907 | Swamp:3  | HP: 63/139 [poisoned by a hornet]
 47912 | Swamp:3  | HP: 68/139 [poisoned by a hornet]
 48475 | Swamp:4  | Got a decaying rune of Zot
 49160 | Snake:1  | Entered Level 1 of the Snake Pit
 49290 | Snake:1  | Upgraded the game from 0.21-a0-632-g1e37ce5 to 0.21-a0-633-g4c047d5
 49474 | Snake:1  | HP: 68/139 [naga warrior/exploding inner flame[the player character] (14)]
 49684 | Snake:1  | Identified the +1 rapier "Ithriopp" {flame, Fragile +Fly rF- Dex+7} (You took it off a naga on level 1 of the Snake Pit)
 51092 | Snake:2  | Noticed Aizul
 51187 | Snake:2  | Killed Aizul
 51432 | Snake:2  | HP: 65/139 [anaconda (17)]
 51712 | Snake:2  | Noticed Donald
 51727 | Snake:2  | HP: 40/139 [Donald/vampiric demon trident (40)]
 51730 | Snake:2  | Killed Donald
 51738 | Snake:2  | HP: 40/139 [water moccasin (3)]
 51794 | Snake:2  | HP: 66/139 [black mamba (17)]
 52187 | Snake:2  | HP: 61/139 [shock serpent/bolt of electricity (22)]
 52190 | Snake:2  | HP: 17/139 [black mamba (15)]
 52192 | Snake:2  | HP: 3/139 [salamander/halberd (16)]
 52192 | Snake:2  | Slain by a salamander

Vault maps used:
D:1:      noname_arrival_rooms_in_the_neighbourhood
D:2:      chequers_ecumenical_altar_twisty, lemuel_altar_in_water2
D:3:      marbit_many_paths
D:4:      fedhas_bush_and_centaur_altar, bloody_trog, uniq_pikel
D:5:      minmay_temple_entry_statues_fountains, first_ration
D:6:      kennysheep_mini, grunt_decor_one_mirror
D:7:      lemuel_bear_cage, enter_ossuary_4, grunt_ministairs_3,
          okawaru_altar_gauntlet_db
D:9:      kennysheep_mini_moat, gammafunk_temple_overflow_claw, basic_altar,
          david_nohive_1
D:10:     lair_entry_dummy, orc_0_dummy
D:11:     nicolae_trove_entry_crystal
D:12:     minmay_shop_grid_forest, uniq_erolcha
D:13:     david_vaults_1, basic_altar, uniq_josephine, uniq_sonja
D:14:     minmay_crystal_room, uniq_agnes
D:15:     grunt_enter_depths_hoard, minmay_misc_feat_diagonals, uniq_kirke
Lair:1:   beast_lair_carwin_large_3, infiniplex_staircase_pool,
          lemuel_fruit_tree, lemuel_fruit_fields
Lair:2:   lemuel_reptile_caves, dummy_snake_entry
Lair:3:   swamp_mist_pool, minmay_stone_trees_small, minivault_24,
          cheibrodos_lair_lostbears, grunt_megastairs_5
Lair:4:   basic_altar
Lair:5:   slime_altar_1
Lair:6:   minmay_lair_end_enchanted_forest, serial_forest,
          infiniplex_forest_3_way, infiniplex_forest_end_1,
          infiniplex_forest_straight_2, infiniplex_forest_clump_diagonal,
          infiniplex_forest_lined_corner, infiniplex_forest_end_2,
          infiniplex_forest_straight_2, serial_bayou_lagoon_b
Swamp:1:  evilmike_swamp_ruin_house_2, uniq_frances
Swamp:2:  evilmike_swamp_ruin_rubble_1
Swamp:3:  evilmike_swamp_ruin_house_3, swamp_pool2,
          hangedman_swamp_double_dragon
Swamp:4:  swamp
Snake:2:  minmay_snake_river, grunt_ministairs_11, uniq_aizul, uniq_donald
Snake:3:  nicolae_snake_serpentine_hallways, grunt_megastairs_2,
          minmay_shop_star, serial_bayou_shore_a
Orc:1:    nicolae_orc_lava_room
Orc:2:    grunt_orc_cross, uniq_rupert
Ossuary:  ossuary_tomb_1

Skill      XL: |  1  2  3  4  5  6  7  8  9 10 11 12 13 14 15 16 |
---------------+-------------------------------------------------+-----
Conjurations   | 2 3 5 6 8 9 10 11 12 13 14 | 14.9
Spellcasting   | 4 5 6 7 8 9 10 11 12 13 | 13.0
Ice Magic      | 1 3 4 6 7 8 9 |  9.5
Fighting       | 1 3 5 6 7 8 9 10 11 12 | 12.2
Necromancy     | 1 2 3 |  3.0
Dodging        | 2 4 5 6 7 |  7.9
Charms         | 1 2 3 5 6 |  6.9
Fire Magic     | 1 2 |  2.0
Summonings     | 2 |  2.0
Air Magic      | 2 5 6 |  6.9
Evocations     | 3 |  3.0
Stealth        | 3 4 |  4.0
Translocations | 2 |  2.0
Maces & Flails | 1 5 7 9 11 12 | 12.4
Earth Magic    | 4 6 |  6.9

Action                   |  1- 3 |  4- 6 |  7- 9 | 10-12 | 13-15 | 16-18 || total
-------------------------+-------+-------+-------+-------+-------+-------++-------
Melee: Short sword       |    46 |       |       |       |       |       ||    46
       Unarmed           |     6 |       |       |       |       |       ||     6
       Tailslap          |     7 |     6 |    38 |    39 |    47 |    18 ||   155
       Dagger            |     4 |   139 |   365 |   382 |       |       ||   890
       Spear             |       |    23 |       |       |       |       ||    23
       Great mace        |       |       |       |   110 |   737 |   221 ||  1068
 Fire: Hunting sling     |    11 |       |       |       |       |       ||    11
 Cast: Magic Dart        |    67 |    87 |   277 |   229 |   135 |     1 ||   796
       Blink             |       |     4 |     2 |     2 |     4 |       ||    12
       Mephitic Cloud    |       |     6 |    12 |    19 |     6 |       ||    43
       Conjure Flame     |       |     3 |    11 |    20 |     9 |       ||    43
       Throw Icicle      |       |       |       |   114 |   145 |   150 ||   409
       Regeneration      |       |       |       |    21 |    50 |    20 ||    91
       Iskenderun's Batt |       |       |       |    24 |    27 |       ||    51
       Deflect Missiles  |       |       |       |       |     8 |     1 ||     9
       Iron Shot         |       |       |       |       |    67 |    23 ||    90
       Freezing Cloud    |       |       |       |       |     6 |     1 ||     7
       Swiftness         |       |       |       |       |       |     1 ||     1
Invok: Curse Item        |     1 |     1 |     2 |     4 |     3 |       ||    11
       Renounce Religion |     1 |       |       |       |       |       ||     1
 Abil: Breathe Dispellin |       |       |     4 |     3 |     2 |     1 ||    10
Evoke: Wand              |       |     2 |       |     1 |     3 |     4 ||    10
  Use: Scroll            |     8 |     4 |     8 |     8 |    13 |     3 ||    44
 Stab: Sleeping          |     1 |     1 |     2 |     6 |     4 |     1 ||    15
       Confused          |       |     2 |     6 |     3 |     3 |     1 ||    15
       Distracted        |       |       |     2 |     1 |     1 |       ||     4
  Eat: Chunk             |     4 |    10 |    18 |    36 |    70 |    12 ||   150
       Ration            |       |     1 |     1 |     5 |     6 |     5 ||    18
Armor: Skin              |    19 |    61 |   180 |   336 |   348 |   205 ||  1149
Dodge: Dodged            |    58 |   116 |   259 |   604 |   762 |   410 ||  2209
       Deflected         |       |       |       |       |    48 |    10 ||    58

Table legend:
 A = Spawn XP
 B = Non-spawn XP
 C = Spawn XP percentage of total XP
 D = Spawn monster count
 E = Non-spawn monster count
 F = Spawn count percentage of total count
 G = Total turns spent on level
                    A         B        C        D         E        F      G
               +---------+---------+-------+---------+---------+-------+---------
         Total |       0 |  206382 |   0.0 |       0 |     955 |   0.0 | 52192
               +---------+---------+-------+---------+---------+-------+---------
           D:1 |       0 |      34 |   0.0 |       0 |      17 |   0.0 |  1601
           D:2 |       0 |     127 |   0.0 |       0 |      32 |   0.0 |  2873
           D:3 |       0 |     332 |   0.0 |       0 |      33 |   0.0 |  1236
           D:4 |       0 |     632 |   0.0 |       0 |      25 |   0.0 |  1680
           D:5 |       0 |     637 |   0.0 |       0 |      22 |   0.0 |  1727
           D:6 |       0 |    1656 |   0.0 |       0 |      28 |   0.0 |  1542
           D:7 |       0 |    1566 |   0.0 |       0 |      38 |   0.0 |  1713
           D:8 |       0 |    1731 |   0.0 |       0 |      26 |   0.0 |  1580
           D:9 |       0 |    3311 |   0.0 |       0 |      36 |   0.0 |  2005
          D:10 |       0 |    2572 |   0.0 |       0 |      23 |   0.0 |  1374
          D:11 |       0 |    5739 |   0.0 |       0 |      42 |   0.0 |  1691
          D:12 |       0 |    6641 |   0.0 |       0 |      36 |   0.0 |  2121
          D:13 |       0 |    6536 |   0.0 |       0 |      17 |   0.0 |   970
          D:14 |       0 |   11296 |   0.0 |       0 |      39 |   0.0 |  1636
          D:15 |       0 |   15793 |   0.0 |       0 |      32 |   0.0 |  1485
        Lair:1 |       0 |    5188 |   0.0 |       0 |      25 |   0.0 |  2367
        Lair:2 |       0 |    4999 |   0.0 |       0 |      38 |   0.0 |  2074
        Lair:3 |       0 |    4749 |   0.0 |       0 |      20 |   0.0 |  1730
        Lair:4 |       0 |    6187 |   0.0 |       0 |      20 |   0.0 |  1882
        Lair:5 |       0 |    2120 |   0.0 |       0 |      10 |   0.0 |  1344
        Lair:6 |       0 |   18964 |   0.0 |       0 |      87 |   0.0 |  2602
       Swamp:1 |       0 |   13549 |   0.0 |       0 |      28 |   0.0 |  1493
       Swamp:2 |       0 |    7504 |   0.0 |       0 |      17 |   0.0 |  1735
       Swamp:3 |       0 |   22323 |   0.0 |       0 |      43 |   0.0 |  3035
       Swamp:4 |       0 |   17256 |   0.0 |       0 |      43 |   0.0 |  1393
       Snake:1 |       0 |    7439 |   0.0 |       0 |      17 |   0.0 |  1757
       Snake:2 |       0 |   19813 |   0.0 |       0 |      41 |   0.0 |  1267
         Orc:1 |       0 |    4220 |   0.0 |       0 |      31 |   0.0 |  1666
         Orc:2 |       0 |   13050 |   0.0 |       0 |      50 |   0.0 |  2055
       Ossuary |       0 |     418 |   0.0 |       0 |      39 |   0.0 |   550
               +---------+---------+-------+---------+---------+-------+---------

Vault maps used:
D:1:      noname_arrival_rooms_in_the_neighbourhood
D:2:      chequers_ecumenical_altar_twisty, lemuel_altar_in_water2
D:3:      marbit_many_paths
D:4:      fedhas_bush_and_centaur_altar, bloody_trog, uniq_pikel
D:5:      minmay_temple_entry_statues_fountains, first_ration
D:6:      kennysheep_mini, grunt_decor_one_mirror
D:7:      lemuel_bear_cage, enter_ossuary_4, grunt_ministairs_3,
          okawaru_altar_gauntlet_db
D:9:      kennysheep_mini_moat, gammafunk_temple_overflow_claw, basic_altar,
          david_nohive_1
D:10:     lair_entry_dummy, orc_0_dummy
D:11:     nicolae_trove_entry_crystal
D:12:     minmay_shop_grid_forest, uniq_erolcha
D:13:     david_vaults_1, basic_altar, uniq_josephine, uniq_sonja
D:14:     minmay_crystal_room, uniq_agnes
D:15:     grunt_enter_depths_hoard, minmay_misc_feat_diagonals, uniq_kirke
Lair:1:   beast_lair_carwin_large_3, infiniplex_staircase_pool,
          lemuel_fruit_tree, lemuel_fruit_fields
Lair:2:   lemuel_reptile_caves, dummy_snake_entry
Lair:3:   swamp_mist_pool, minmay_stone_trees_small, minivault_24,
          cheibrodos_lair_lostbears, grunt_megastairs_5
Lair:4:   basic_altar
Lair:5:   slime_altar_1
Lair:6:   minmay_lair_end_enchanted_forest, serial_forest,
          infiniplex_forest_3_way, infiniplex_forest_end_1,
          infiniplex_forest_straight_2, infiniplex_forest_clump_diagonal,
          infiniplex_forest_lined_corner, infiniplex_forest_end_2,
          infiniplex_forest_straight_2, serial_bayou_lagoon_b
Swamp:1:  evilmike_swamp_ruin_house_2, uniq_frances
Swamp:2:  evilmike_swamp_ruin_rubble_1
Swamp:3:  evilmike_swamp_ruin_house_3, swamp_pool2,
          hangedman_swamp_double_dragon
Swamp:4:  swamp
Snake:2:  minmay_snake_river, grunt_ministairs_11, uniq_aizul, uniq_donald
Snake:3:  nicolae_snake_serpentine_hallways, grunt_megastairs_2,
          minmay_shop_star, serial_bayou_shore_a
Orc:1:    nicolae_orc_lava_room
Orc:2:    grunt_orc_cross, uniq_rupert
Ossuary:  ossuary_tomb_1
